 Dungeon Crawl Stone Soup version 0.30-a0-881-g1ff12e1e11 (webtiles) character file.

Game seed: 5026438193021875000

24879 jasper the Thaumaturge (level 12, -3/59 HPs)
             Began as a Spriggan Venom Mage on Mar 14, 2023.
             Was a High Priest of Vehumet.
             Slain by a cane toad (11 damage)
             ... while petrified by a basilisk
             ... on level 2 of the Lair of Beasts.
             The game lasted 00:35:14 (14647 turns).

jasper the Thaumaturge (Spriggan Venom Mage)       Turns: 14647, Time: 00:35:15

Health: -3/59      AC:  6    Str:  4    XL:     12   Next: 84%
Magic:  19/30      EV:  4    Int: 31    God:    Vehumet [*****.]
Gold:   69         SH:  0    Dex: 16    Spells: 5/37 levels left

rFire   . . .      SeeInvis +    y - +5 demon trident (pain)
rCold   . . .      Faith    .    (shield currently unavailable)
rNeg    + + +      Spirit   .    v - +2 robe {Archmagi}
rPois   ∞          Reflect  .    (helmet restricted)
rElec   .          Rampage  .    d - +1 cloak
rCorr   .          Archmagi +    (gloves unavailable)
Will    ++...                    (boots unavailable)
Stlth   ++++                     i - amulet of magic regeneration
HPRegen 0.29/turn                l - ring of wizardry
MPRegen 0.62/turn                J - +10 ring of intelligence

@: petrified, animating dead, very quick
A: very small, no large weapons, unfitting armour, see invisible, speed 3
a: Renounce Religion


You were on level 2 of the Lair of Beasts.
You worshipped Vehumet.
Vehumet was extremely pleased with you.
You visited 4 branches of the dungeon, and saw 14 of its levels.

You collected 1030 gold pieces.
You spent 961 gold pieces at shops.

Inventory:

Hand Weapons
 b - a +0 dagger
 o - a +0 dagger of flaming
 y - a +5 demon trident of pain (weapon)
Missiles
 j - 6 throwing nets
Armour
 a - a +0 robe
 d - a +1 cloak (worn)
 e - a scarf of invisibility
 v - a +2 robe of the Archmagi (worn)
 D - an orb of wrath
 L - a +0 troll leather armour
Magical Staves
 A - a staff of conjuration
Jewellery
 c - a ring of resist corrosion
 i - an amulet of magic regeneration (around neck)
 l - a ring of wizardry (left hand)
 m - a ring of poison resistance
 n - an amulet of guardian spirit
 s - a +6 ring of strength
 E - a ring of willpower
 J - a +10 ring of intelligence (right hand)
Wands
 x - a wand of roots (7)
 z - a wand of flame (45)
Scrolls
 g - 6 scrolls of blinking
 h - 5 scrolls of immolation
 t - 2 scrolls of poison
 u - 3 scrolls of fear
 F - a scroll of fog
 G - 5 scrolls of teleportation
Potions
 f - 2 potions of cancellation {unknown}
 k - 2 potions of flight
 p - 3 potions of attraction
 q - 5 potions of might
 r - 3 potions of resistance
 w - 2 potions of mutation {unknown}
 B - 2 potions of haste {unknown}
 C - a potion of heal wounds
 H - 2 potions of degeneration {unknown}
 I - a potion of brilliance {unknown}
 K - a potion of curing


   Skills:
 - Level 4.9 Fighting
 - Level 8.4 Dodging
 - Level 10.0 Stealth
 + Level 13.1 Spellcasting
 - Level 0.4 Conjurations
 - Level 3.0 Necromancy
 - Level 1.3 Transmutations
 + Level 12.9 Fire Magic
 - Level 0.7 Air Magic
 - Level 4.0 Poison Magic


You had 5 spell levels left.
You knew the following spells:

 Your Spells              Type           Power      Damage    Failure   Level
a - Sting                 Tmut/Pois      100%       1d8       1%          1
b - Poisonous Vapours     Pois/Air       100%       N/A       1%          2
c - Mephitic Cloud        Conj/Pois/Air  46%        N/A       1%          3
d - Olgreb's Toxic Radia  Pois           61%        N/A       1%          4
e - Static Discharge      Conj/Air       70%        2-5/arc   1%          2
f - Animate Dead          Necr           56%        N/A       2%          4
g - Ignition              Fire           50%        3d14      9%          8
h - Stone Arrow           Conj/Erth      64%        3d11      1%          3
i - Yara's Violent Unrav  Hex/Tmut       18%        3d9       6%          5

Your spell library contained the following spells:

 Spells                   Type           Power      Damage    Failure   Level
 Fireball                 Conj/Fire      37%        3d15      1%          5
 Kiss of Death            Conj/Necr      100%       2d13      1%          1
 Death Channel            Necr           28%        N/A       38%         6


Dungeon Overview and Level Annotations

Branches:
Dungeon (9/15)             Temple (1/1) D:4            Lair (2/5) D:8
 Spider (0/4) Lair:2          Orc (2/2) D:9             Elf (0/3) Orc:2
  Swamp: Lair:2-3    Shoals: Lair:2-3

Altars:
Ashenzari
Cheibriados
Dithmenos
Elyvilon
Fedhas
Gozag
Kikubaaqudgha
Makhleb
Nemelex Xobeh
Okawaru
Qazlal
Ru
Sif Muna
Trog
Uskayaw
Vehumet
Wu Jian
Xom
Yredelemnul
Zin
The Shining One

Shops:
D:6 =   Orc:2 ::[*

Annotations:
Lair:1 3 runed translucent doors, Nilot's ghost, journeyman MiBe; Puikhleno's ghost, journeyman MeWr


Innate Abilities, Weirdness & Mutations

You are very small and have problems with some larger weapons.
You are too small for most types of armour.
You have supernaturally acute eyesight. (SInv)
You cover ground extremely quickly. (Speed+++)


Message History

Vehumet accepts your kill.
You feel your power returning.
The dead are walking! x2
The skyshark bites you but does no damage.
The skyshark tail-slaps you but does no damage. x2
The skyshark bites you.
The skyshark tastes blood and grows stronger!
The skyshark closely misses you. The skyshark tail-slaps you!
You have turned to stone.
Your Spellcasting skill increases to level 13!
A cane toad comes into view.
The skyshark bites you!! The skyshark tail-slaps you! x2
The skyshark looks as sick as possible!
Your polar bear zombie bites the skyshark!
Your polar bear zombie claws the skyshark but does no damage. x2
Your basilisk zombie bites the skyshark.
The skyshark bites you.
The skyshark tail-slaps you but does no damage.
The skyshark tail-slaps you.
The skyshark looks as sick as possible!
Your polar bear zombie bites the skyshark.
Your polar bear zombie claws the skyshark but does no damage.
Your polar bear zombie completely misses the skyshark.
Your basilisk zombie bites the skyshark!
The skyshark bites your basilisk zombie.
The skyshark tail-slaps your basilisk zombie! x2
The skyshark looks as sick as possible!
Your basilisk zombie barely misses the skyshark.
The skyshark bites you!!
* * * LOW HITPOINT WARNING * * *
The skyshark barely misses you. The skyshark tail-slaps you!
* * * LOW HITPOINT WARNING * * *
Your polar bear zombie bites the skyshark!
The skyshark dies!
Vehumet accepts your kill. The cane toad stings you!
* * * LOW HITPOINT WARNING * * *
The cane toad stings you but does no damage.
Your toxic aura wanes.
The cane toad stings you!!
You die...

#....# #
##..## ##
#.##+.###.#
#......#.#
##.......##
#...###...#
##.##....#.###
#.....$Z.....#
...#..F@.#..##
. #..♣.♣Z.#..#
#.....Z....#
.....>......+
..#.......#..#
..##.♣. ..#..#
#... .#. ##
.... ...


You could see a cane toad (ally target), a friendly basilisk zombie, a friendly
polar bear zombie and a friendly skyshark zombie.

Vanquished Creatures
  A boulder beetle (D:7)
  8 orc knights
  A cyclops (Orc:2)
  2 cane toads (Lair:1)
  A torpor snail (Lair:2)
  A komodo dragon (Lair:1)
  4 trolls
  A hornet (D:7)
  2 polar bears
  4 dream sheep (Lair:2)
  3 blink frogs (Lair:1)
  A slime creature (D:7)
  Sigmund (D:6)
  23 yaks
  A shadow (D:9)
  A culicivora (Lair:2)
  2 vampires
  A wraith (D:9)
  A basilisk (Lair:2)
  Eustachio (D:6)
  9 wargs
  Duvessa (D:6)
  3 water moccasins
  33 orc warriors
  2 ice beasts (D:6)
  4 black bears
  3 sky beasts
  5 wolves (Lair:1)
  7 ogres
  5 centaurs
  A phantom (D:6)
  2 kobold brigands (D:9)
  12 bullfrogs
  A gnoll sergeant (D:7)
  2 scorpions
  12 wights
  Dowan (D:6)
  9 killer bees
  A howler monkey (D:9)
  3 jellies
  A gnoll bouda (D:9)
  15 orc priests
  6 hounds
  An iguana (D:6)
  A sleepcap (D:6)
  16 orc wizards
  A mummy (D:6)
  11 gnolls
  5 adders
  A shadow imp (D:5)
  2 white imps (D:7)
  2 ufetubi
  5 dart slugs
  3 worms
  64 orcs
  5 bats
  6 endoplasms
  2 giant cockroaches (D:1)
  6 goblins
  9 hobgoblins
  7 jackals (D:1)
  19 kobolds
  6 quokkas
  10 ball pythons
  5 frilled lizards
  A goblin zombie (D:6)
  A kobold zombie (D:6)
  6 rats
393 creatures vanquished.

Vanquished Creatures (collateral kills)
  A skyshark (Lair:2)
  2 yaks (D:8)
  A water moccasin (Lair:1)
  An orc warrior (D:9)
  A bullfrog (D:9)
  A wight (D:9)
  3 killer bees (D:8)
  A howler monkey (D:9)
  An orc (D:8)
12 creatures vanquished.

Vanquished Creatures (others)
  7 yak zombies
  A bullfrog zombie (Lair:2)
  A howler monkey zombie (D:9)
  2 orc zombies (D:9)
  18 fungi
  2 plants (Lair:1)
31 creatures vanquished.

Grand Total: 436 creatures vanquished

Notes
Turn   | Place    | Note
-------+----------+-------------------------------------------
     0 | D:1      | jasper the Spriggan Venom Mage began the quest for the Orb.
     0 | D:1      | Reached XP level 1. HP: 9/9 MP: 5/5
    62 | D:1      | Reached skill level 3 in Spellcasting
    95 | D:1      | Found a faded altar of an unknown god.
   152 | D:1      | Reached XP level 2. HP: 12/13 MP: 2/7
   300 | D:1      | Reached skill level 4 in Spellcasting
   327 | D:1      | Learned a level 2 spell: Poisonous Vapours
   532 | D:1      | Reached XP level 3. HP: 16/16 MP: 5/9
   536 | D:1      | Learned a level 3 spell: Mephitic Cloud
  1338 | D:2      | Reached XP level 4. HP: 21/21 MP: 8/11
  1349 | D:2      | Learned a level 4 spell: Olgreb's Toxic Radiance
  1908 | D:3      | Reached skill level 5 in Spellcasting
  1966 | D:3      | Reached XP level 5. HP: 21/24 MP: 8/14
  2050 | D:3      | Noticed a black bear
  2086 | D:3      | Killed a black bear
  2087 | D:3      | Reached skill level 6 in Spellcasting
  2383 | D:3      | Noticed a centaur
  2526 | D:4      | Found a staircase to the Ecumenical Temple.
  2547 | D:4      | Reached XP level 6. HP: 25/28 MP: 13/16
  2559 | Temple   | Entered the Ecumenical Temple
  2663 | Temple   | Became a worshipper of Vehumet
  3709 | D:5      | Entered Level 5 of the Dungeon
  3858 | D:5      | Reached skill level 7 in Spellcasting
  3934 | D:5      | Reached skill level 1 in Fighting
  4293 | D:5      | Reached XP level 7. HP: 24/33 MP: 16/18
  4409 | D:5      | Identified a scroll of acquirement
  4409 | D:5      | Acquired a +4 demon trident of pain
  4813 | D:6      | Noticed Eustachio
  4844 | D:6      | Killed Eustachio
  4845 | D:6      | Reached skill level 5 in Stealth
  4845 | D:6      | Reached skill level 8 in Spellcasting
  4892 | D:6      | Noticed Duvessa
  4893 | D:6      | Noticed Dowan
  4924 | D:6      | Killed Dowan
  5011 | D:6      | Killed Duvessa
  5012 | D:6      | Reached XP level 8. HP: 39/39 MP: 4/21
  5053 | D:6      | Reached skill level 5 in Dodging
  5164 | D:6      | Reached * piety under Vehumet
  5164 | D:6      | Offered knowledge of Kiss of Death by Vehumet.
  5297 | D:6      | Noticed Sigmund
  5305 | D:6      | Killed Sigmund
  5306 | D:6      | Reached skill level 9 in Spellcasting
  5442 | D:6      | Found Anomnod's One-of-a-Kind Rings.
  5770 | D:6      | Reached skill level 10 in Spellcasting
  5788 | D:6      | Reached XP level 9. HP: 26/44 MP: 24/24
  6467 | D:7      | Found a stormy altar of Qazlal.
  6959 | D:7      | Reached ** piety under Vehumet
  6959 | D:7      | Offered knowledge of Static Discharge by Vehumet.
  6963 | D:7      | Learned a level 2 spell: Static Discharge
  7641 | D:7      | Reached skill level 11 in Spellcasting
  7885 | D:7      | Noticed a boulder beetle
  7894 | D:7      | Killed a boulder beetle
  7895 | D:7      | Reached XP level 10. HP: 51/51 MP: 18/26
  7937 | D:7      | Reached skill level 12 in Spellcasting
  8189 | D:7      | Reached skill level 10 in Stealth
  8216 | D:7      | Got the Vellum of the Ghoulish Burn
  8222 | D:7      | Learned a level 4 spell: Animate Dead
  8306 | D:8      | Reached skill level 1 in Necromancy
  8558 | D:8      | Learned a level 8 spell: Ignition
  8656 | D:8      | Found a staircase to the Lair.
  8712 | D:8      | Identified the +5 whip "Vuetogh" {freeze, rN+}
  8844 | D:8      | Reached skill level 1 in Fire Magic
  8988 | D:8      | Offered knowledge of Stone Arrow by Vehumet.
  9000 | D:8      | Learned a level 3 spell: Stone Arrow
  9154 | D:8      | Found a white marble altar of Elyvilon.
  9162 | D:8      | Found a bloodstained altar of Trog.
  9284 | D:9      | Reached *** piety under Vehumet
  9470 | D:9      | Reached skill level 5 in Fire Magic
  9563 | D:9      | Offered knowledge of Kindle Blastsparks by Vehumet.
  9637 | D:9      | Reached XP level 11. HP: 46/54 MP: 17/28
 10053 | Lair:1   | Entered Level 1 of the Lair of Beasts
 10311 | Lair:1   | Reached **** piety under Vehumet
 10369 | Lair:1   | Offered knowledge of Arcjolt by Vehumet.
 10567 | Lair:1   | Found a runed translucent gate.
 10883 | D:9      | Found a staircase to the Orcish Mines.
 11509 | Orc:1    | Entered Level 1 of the Orcish Mines
 11511 | Orc:1    | Noticed an orc knight
 11512 | Orc:1    | Reached ***** piety under Vehumet
 11514 | Orc:1    | Offered knowledge of Yara's Violent Unravelling by Vehumet.
 11530 | Orc:1    | Killed an orc knight
 11531 | Orc:1    | Reached skill level 10 in Fire Magic
 11678 | Orc:2    | Entered Level 2 of the Orcish Mines
 12079 | Orc:2    | Noticed an orc knight
 12107 | Orc:2    | Killed an orc knight
 12108 | Orc:2    | Reached XP level 12. HP: 58/59 MP: 3/29
 12184 | Orc:2    | Found Gankyfoi's Book Shoppe.
 12449 | Orc:2    | HP: 1/59 [orc warrior/boomerang (6)]
 12491 | Orc:2    | Found Fummio's Book Boutique.
 12725 | Orc:2    | Found a staircase to the Elven Halls.
 12987 | D:6      | Bought a +10 ring of intelligence for 910 gold pieces
 13467 | Orc:2    | Found Ryufol Quh's Antique Armour Shoppe.
 13467 | Orc:2    | Found Oqoso's General Store.
 13482 | Orc:2    | Bought a potion of curing for 51 gold pieces
 13921 | Lair:1   | Found a runed translucent gate.
 13923 | Lair:1   | Found a runed translucent gate.
 13924 | Lair:1   | Noticed Nilot's ghost (journeyman MiBe)
 13925 | Lair:1   | Noticed Puikhleno's ghost (journeyman MeWr)
 14203 | Lair:1   | Learned a level 5 spell: Yara's Violent Unravelling
 14210 | Lair:1   | Found a white marble altar of Elyvilon.
 14430 | Lair:2   | Found a hole to the Spider Nest.
 14435 | Lair:2   | Offered knowledge of Fireball by Vehumet.
 14641 | Lair:2   | Reached skill level 13 in Spellcasting
 14647 | Lair:2   | Slain by a cane toad

Illustrated notes

Levels and vault maps discovered:
D:1:      shiori_shiawase, layout_rooms, chequers_ecumenical_altar_simple_redux
D:2:      kennysheep_six_static_rooms, layout_loops_cross
D:3:      layout_rooms, minmay_pentomino_pile
D:4:      layout_basic, minmay_temple_entry_slanted
D:5:      layout_basic, serial_aquarium, aquarium_bridge_straight
          [aquarium_subvault_bridge, aquarium_subvault_window,
          aquarium_subvault_bridge, aquarium_subvault_window],
          aquarium_window_double, aquarium_window_3, aquarium_window_fake,
          aquarium_view_2d, aquarium_view_2c, aquarium_balcony_3b
D:6:      black_bear_nest_2, layout_cave_pods, nicolae_ossuary_entry_giza,
          nicolae_shop_unique_rings, uniq_duvessa, uniq_eustachio, uniq_sigmund
D:7:      minmay_slanted_spiral_squares, layout_layer_cave,
          mainiacjoe_overflow_24_doors
D:8:      layout_gridville, amethyst_overflow_temple_binary, lair_entry_dummy
D:9:      layout_loops_ring, david_orc_1_choice, minmay_quadrilaterals
Temple:   nicolae_temple_two_arcs
Lair:1:   layout_regular_city, gammafunk_ghost_cemetery, lemuel_centaur_altar,
          grunt_megastairs_3, infiniplex_staircase_pool_2
Lair:2:   layout_long_grid, hellmonk_spider_entry_life_and_decay,
          grunt_megastairs_2, uniq_harold
Orc:1:    layout_diamond_mine
Orc:2:    st_orc_town, layout_diamond_mine

Skill      XL: |  1  2  3  4  5  6  7  8  9 10 11 12 |
---------------+-------------------------------------+-----
Spellcasting   | 3 4 5 6 7 8 10 11 12 13 | 13.1
Poison Magic   | 4 |  4.0
Dodging        | 3 4 6 8 |  8.4
Stealth        | 4 5 7 9 10 | 10.0
Fighting       | 1 2 3 4 |  4.9
Necromancy     | 3 |  3.0
Fire Magic     | 6 10 12 | 12.9
Conjurations   | |  0.4
Transmutations | |  1.3
Air Magic      | |  0.7

Action                     |  1- 3 |  4- 6 |  7- 9 | 10-12 || total
---------------------------+-------+-------+-------+-------++-------
  Melee: Unarmed           |     3 |       |       |       ||     3
         Dagger            |     2 |     6 |       |       ||     8
         Demon trident     |       |       |    85 |    98 ||   183
   Cast: Sting             |    56 |    57 |    53 |    11 ||   177
         Poisonous Vapours |    35 |    77 |    60 |    72 ||   244
         Olgreb's Toxic Ra |       |     8 |    25 |   153 ||   186
         Mephitic Cloud    |       |       |    13 |    12 ||    25
         Static Discharge  |       |       |    11 |    10 ||    21
         Stone Arrow       |       |       |       |    83 ||    83
         Animate Dead      |       |       |       |     5 ||     5
  Evoke: Wand              |       |       |     7 |     5 ||    12
    Use: Potion            |     1 |       |     2 |     2 ||     5
         Scroll            |     5 |     5 |     4 |     5 ||    19
   Stab: Sleeping          |       |       |     1 |     1 ||     2
         Confused          |       |       |       |     2 ||     2
 Armour: Robe              |     4 |    11 |    13 |    20 ||    48
  Dodge: Dodged            |    37 |    28 |   101 |   210 ||   376

Table legend: (Time is in decaauts)
 A = Elapsed time spent in this place.
 B = Non-inter-level travel time spent in this place.
 C = Inter-level travel time spent in this place.
 D = Time resting spent in this place.
 E = Time spent auto-exploring this place.
 F = Levels seen in this place.
 G = Mean time per level.
                   A        B        C        D        E       F      G
               +--------+--------+--------+--------+--------+-----+--------+
         Total |  10799 |   9979 |    820 |    674 |   6792 |  14 |  771.4 |
       Dungeon |   8272 |   7594 |    678 |    306 |   5540 |   9 |  919.1 |
        Temple |     70 |     65 |      5 |      0 |     51 |   1 |   70.0 |
          Lair |   1087 |   1046 |     41 |    128 |    654 |   2 |  543.5 |
  Orcish Mines |   1369 |   1274 |     95 |    240 |    545 |   2 |  684.5 |
               +--------+--------+--------+--------+--------+-----+--------+

Top non-repeatable levels by time:
     D:7: 1555 daAuts
     D:6: 1319 daAuts
     D:9: 1295 daAuts
   Orc:2: 1195 daAuts
  Lair:1: 964 daAuts
     D:8: 848 daAuts
     D:1: 766 daAuts
     D:4: 713 daAuts
     D:5: 675 daAuts
     D:2: 634 daAuts
     D:3: 464 daAuts
   Orc:1: 173 daAuts
  Lair:2: 123 daAuts
  Temple: 70 daAuts
